SAAA
NAPERVILLE BATTLEKINGS @ ALLOWAY HALBERDS
07/12/2025
 
TOP OF THE 1ST
Naperville Battlekings batting - Pitching for Alloway Halberds : RHP Jim Unknown
Pitching: RHP Jim Unknown
Batting: RHB Miguel Rodríguez 0-0: Ground out 4-3 (Groundball, 4S)
Batting: RHB Sal Haynes 0-0: Ball
1-0: Called Strike
1-1: SINGLE (Groundball, 56D)
Batting: RHB Jorge Baker 0-0: Ball
1-0: Called Strike
1-1: Called Strike
1-2: Fly out, F8 (Flyball, 89D)
Batting: RHB António Guzmán 0-0: Ball
1-0: Ball
2-0: Called Strike
2-1: Fly out, F4 (Flyball, 4D)
Top of the 1st over - 0 run(s), 1 hit(s), 0 error(s), 1 left on base; Naperville 0 - Alloway 0
BOTTOM OF THE 1ST
Alloway Halberds batting - Pitching for Naperville Battlekings : RHP Louis McDowell
Pitching: RHP Louis McDowell
Batting: RHB Juan Salinas 0-0: Ball
1-0: Ball
2-0: Ball
3-0: Called Strike
3-1: Foul Ball, location: 2F
3-2: Ground out 4-3 (Groundball, 4)
Batting: RHB Sung-min Pae 0-0: Foul Ball, location: 2F
0-1: Called Strike
0-2: Foul Ball, location: 2F
0-2: Ball
1-2: Ground out 6-3 (Groundball, 6)
Batting: RHB Christovão Galho 0-0: Foul Ball, location: 2F
0-1: Swinging Strike
0-2: Ball
1-2: Ground out 5-3 (Groundball, 5)
Bottom of the 1st over - 0 run(s), 0 hit(s), 0 error(s), 0 left on base; Naperville 0 - Alloway 0
TOP OF THE 2ND
Naperville Battlekings batting - Pitching for Alloway Halberds : RHP Jim Unknown
Batting: LHB Philip Strickland 0-0: Fly out, F5 (Popup, 5L)
Batting: RHB Álex Rodríguez 0-0: Ball
1-0: Called Strike
1-1: Ball
2-1: SINGLE (Groundball, 4MD)
Batting: RHB Jimmy Dawson 0-0: Grounds into double play, 6-4-3 (Groundball, 6)
Top of the 2nd over - 0 run(s), 1 hit(s), 0 error(s), 0 left on base; Naperville 0 - Alloway 0
BOTTOM OF THE 2ND
Alloway Halberds batting - Pitching for Naperville Battlekings : RHP Louis McDowell
Batting: RHB Jarred Morgan 0-0: Called Strike
0-1: Ball
1-1: Ball
2-1: Ball
3-1: Foul Ball, location: 2F
3-2: Fly out, F8 (Flyball, 89D)
Batting: RHB Danny Hall 0-0: Called Strike
0-1: Foul Ball, location: 2F
0-2: Fly out, F6 (Popup, 56D)
Batting: RHB Stewart Ralston 0-0: Called Strike
0-1: Called Strike
0-2: Foul Ball, location: 2F
0-2: Strikes out swinging
Bottom of the 2nd over - 0 run(s), 0 hit(s), 0 error(s), 0 left on base; Naperville 0 - Alloway 0
TOP OF THE 3RD
Naperville Battlekings batting - Pitching for Alloway Halberds : RHP Jim Unknown
Batting: RHB Kevin Tyler 0-0: Called Strike
0-1: Called Strike
0-2: Ball
1-2: Ball
2-2: Strikes out swinging
Batting: SHB Daryl Lloyd 0-0: Foul Ball, location: 2F
0-1: Ball
1-1: Ball
2-1: Called Strike
2-2: Ball
3-2: Base on Balls
Batting: RHB Miguel Rodríguez 0-0: Ball
1-0: Swinging Strike
1-1: Foul Ball, location: 2F
1-2: Foul Ball, location: 2F
1-2: Strikes out swinging
Batting: RHB Sal Haynes 0-0: Foul Ball, location: 2F
0-1: Swinging Strike
0-2: Ball
1-2: Ball
Daryl Lloyd steals 2nd base
2-2: Foul Ball, location: 2F
2-2: Strikes out swinging
Top of the 3rd over - 0 run(s), 0 hit(s), 0 error(s), 1 left on base; Naperville 0 - Alloway 0
BOTTOM OF THE 3RD
Alloway Halberds batting - Pitching for Naperville Battlekings : RHP Louis McDowell
Batting: SHB Ron Peterson 0-0: Ball
1-0: Ball
2-0: Reached on error, E4 (Groundball, 4)
Batting: LHB Esteban Casillas 0-0: Ball
1-0: Ball
2-0: Ball
3-0: Called Strike
3-1: Fly out, F4 (Line Drive, 34)
Batting: SHB Pancho De La Rosa 0-0: Called Strike
0-1: Called Strike
0-2: Foul Ball, location: 2F
0-2: Grounds into double play, 6-4-3 (Groundball, 56D)
Bottom of the 3rd over - 0 run(s), 0 hit(s), 1 error(s), 0 left on base; Naperville 0 - Alloway 0
TOP OF THE 4TH
Naperville Battlekings batting - Pitching for Alloway Halberds : RHP Jim Unknown
Batting: RHB Jorge Baker 0-0: Ball
1-0: Foul Ball, location: 2F
1-1: Ball
2-1: Fly out, F8 (Flyball, 8RM)
Batting: RHB António Guzmán 0-0: Ball
1-0: Ball
2-0: Ball
3-0: Called Strike
3-1: Fly out, F5 (Popup, 5D)
Batting: LHB Philip Strickland 0-0: Ball
1-0: Ball
2-0: Ball
3-0: Base on Balls
Batting: RHB Álex Rodríguez 0-0: Ball
Philip Strickland steals 2nd base
1-0: Ground out 6-3 (Groundball, 6)
Top of the 4th over - 0 run(s), 0 hit(s), 0 error(s), 1 left on base; Naperville 0 - Alloway 0
BOTTOM OF THE 4TH
Alloway Halberds batting - Pitching for Naperville Battlekings : RHP Louis McDowell
Batting: RHB Juan Salinas 0-0: Called Strike
0-1: Fly out, F9 (Line Drive, 9D)
Batting: RHB Sung-min Pae 0-0: Called Strike
0-1: Single, Error in OF, E8, batter to second base
Batting: RHB Christovão Galho 0-0: Foul Ball, location: 2F
0-1: Ball
1-1: Swinging Strike
1-2: Strikes out looking
Batting: RHB Jarred Morgan 0-0: Called Strike
0-1: Foul Ball, location: 2F
0-2: Strikes out looking
Bottom of the 4th over - 0 run(s), 1 hit(s), 1 error(s), 1 left on base; Naperville 0 - Alloway 0
TOP OF THE 5TH
Naperville Battlekings batting - Pitching for Alloway Halberds : RHP Jim Unknown
Batting: RHB Jimmy Dawson 0-0: Ball
1-0: Ball
2-0: Ball
3-0: Base on Balls
Batting: RHB Kevin Tyler 0-0: Ball
1-0: Sac Bunt - play at first, batter OUT! 5-3
Jimmy Dawson to second
Batting: SHB Daryl Lloyd 0-0: Ball
1-0: Ground out 4-3 (Groundball, 4)
Jimmy Dawson to third
Batting: RHB Miguel Rodríguez 0-0: Ball
1-0: Foul Ball, location: 2F
1-1: Ball
2-1: Ball
3-1: Base on Balls
Batting: RHB Sal Haynes 0-0: Called Strike
0-1: Ball
1-1: Foul Ball, location: 2F
1-2: Fielders Choice at 2nd, 6-4 (Groundball, 6)
Top of the 5th over - 0 run(s), 0 hit(s), 0 error(s), 1 left on base; Naperville 0 - Alloway 0
BOTTOM OF THE 5TH
Alloway Halberds batting - Pitching for Naperville Battlekings : RHP Louis McDowell
Batting: RHB Danny Hall 0-0: Ball
1-0: Ball
2-0: Ball
3-0: Base on Balls
Batting: RHB Stewart Ralston 0-0: Swinging Strike
0-1: Ball
1-1: Ball
2-1: Foul Ball, location: 2F
2-2: Foul Ball, location: 2F
2-2: Strikes out looking
Batting: SHB Ron Peterson 0-0: Swinging Strike
0-1: Ball
1-1: Called Strike
1-2: Foul Ball, location: 2F
1-2: Ball
2-2: Fly out, F3 (Line Drive, 34)
Batting: LHB Esteban Casillas 0-0: Fly out, F8 (Flyball, 8LM)
Bottom of the 5th over - 0 run(s), 0 hit(s), 0 error(s), 1 left on base; Naperville 0 - Alloway 0
TOP OF THE 6TH
Naperville Battlekings batting - Pitching for Alloway Halberds : RHP Jim Unknown
Batting: RHB Jorge Baker 0-0: Ball
1-0: Ground out 5-3 (Groundball, 56S)
Batting: RHB António Guzmán 0-0: Ball
1-0: Foul Ball, location: 2F
1-1: Swinging Strike
1-2: Strikes out swinging
Batting: LHB Philip Strickland 0-0: Ball
1-0: Called Strike
1-1: Ground out 3-1 (Groundball, 34S)
Top of the 6th over - 0 run(s), 0 hit(s), 0 error(s), 0 left on base; Naperville 0 - Alloway 0
BOTTOM OF THE 6TH
Alloway Halberds batting - Pitching for Naperville Battlekings : RHP Louis McDowell
Batting: SHB Pancho De La Rosa 0-0: Ball
1-0: Ball
2-0: Called Strike
2-1: Fly out, F8 (Flyball, 8RD)
Batting: RHB Juan Salinas 0-0: Swinging Strike
0-1: Ball
1-1: Ball
2-1: Foul Ball, location: 2F
2-2: Foul Ball, location: 2F
2-2: Foul Ball, location: 2F
2-2: Fly out, F9 (Flyball, 9LMF)
Batting: RHB Sung-min Pae 0-0: Foul Ball, location: 2F
0-1: Called Strike
0-2: Foul Ball, location: 2F
0-2: Ball
1-2: Ball
2-2: Strikes out swinging
Bottom of the 6th over - 0 run(s), 0 hit(s), 0 error(s), 0 left on base; Naperville 0 - Alloway 0
TOP OF THE 7TH
Naperville Battlekings batting - Pitching for Alloway Halberds : RHP Jim Unknown
Batting: RHB Álex Rodríguez 0-0: Ball
1-0: Called Strike
1-1: TRIPLE (Flyball, 8RXD)
Batting: RHB Jimmy Dawson 0-0: Intentional Walk
Batting: RHB Kevin Tyler 0-0: Ball
1-0: Called Strike
Jimmy Dawson steals 2nd base
1-1: Foul Ball, location: 2F
1-2: Foul Ball, location: 2F
1-2: Foul Ball, location: 2F
1-2: Ground out 4-3 (Groundball, 4)
Pinch Hitting: RHB Jim Unknown 0-0: Intentional Walk
Batting: RHB Miguel Rodríguez 0-0: SINGLE (Groundball, 4D)
Álex Rodríguez scores
Jimmy Dawson to third
Jim Unknown to second
Batting: RHB Sal Haynes 0-0: DOUBLE (Groundball, 5L)
Jimmy Dawson scores
Jim Unknown scores
Miguel Rodríguez to third
Batting: RHB Jorge Baker 0-0: Ball
1-0: Ball
2-0: Fly out, F8 (Flyball, 8RD)
Runner from 3rd tags up, SCORES, no throw
Pitching: RHP Jim Unknown
Batting: RHB António Guzmán 0-0: Called Strike
0-1: Ball
1-1: Foul Ball, location: 2F
1-2: Fly out, F6 (Line Drive, 6D)
Top of the 7th over - 4 run(s), 3 hit(s), 0 error(s), 1 left on base; Naperville 4 - Alloway 0
BOTTOM OF THE 7TH
Alloway Halberds batting - Pitching for Naperville Battlekings : RHP Louis McDowell
Now in CF: Jim Unknown
Batting: RHB Christovão Galho 0-0: Ball
1-0: Called Strike
1-1: Foul Ball, location: 2F
1-2: Fly out, F5 (Line Drive, 5F)
Batting: RHB Jarred Morgan 0-0: Called Strike
0-1: Ball
1-1: Foul Ball, location: 2F
1-2: Ball
2-2: Ground out 6-3 (Groundball, 6M)
Batting: RHB Danny Hall 0-0: Ball
1-0: Foul Ball, location: 2F
1-1: Ball
2-1: Fly out, F7 (Flyball, 78M)
Bottom of the 7th over - 0 run(s), 0 hit(s), 0 error(s), 0 left on base; Naperville 4 - Alloway 0
TOP OF THE 8TH
Naperville Battlekings batting - Pitching for Alloway Halberds : RHP Jim Unknown
Batting: LHB Philip Strickland 0-0: Called Strike
0-1: Ball
1-1: Ball
2-1: Ball
3-1: Base on Balls
Batting: RHB Álex Rodríguez 0-0: Ball
1-0: SINGLE (Line Drive, 56D)
Philip Strickland to second
Batting: RHB Jimmy Dawson 0-0: Sac Bunt - play at first, batter OUT! 1-3
Philip Strickland to third
Álex Rodríguez to second
Batting: RHB Kevin Tyler 0-0: Swinging Strike
0-1: Swinging Strike
0-2: Strikes out looking
Batting: RHB Jim Unknown 0-0: Swinging Strike
0-1: Called Strike
0-2: Strikes out swinging, 2-3 out at first.
Top of the 8th over - 0 run(s), 1 hit(s), 0 error(s), 2 left on base; Naperville 4 - Alloway 0
BOTTOM OF THE 8TH
Alloway Halberds batting - Pitching for Naperville Battlekings : RHP Louis McDowell
Batting: RHB Stewart Ralston 0-0: Ground out 6-3 (Groundball, 6)
Batting: SHB Ron Peterson 0-0: Foul Ball, location: 2F
0-1: Foul Ball, location: 2F
0-2: Fly out, F9 (Flyball, 9S)
Batting: LHB Esteban Casillas 0-0: Called Strike
0-1: Foul Ball, location: 2F
0-2: SINGLE (Line Drive, 4MD)
Batting: SHB Pancho De La Rosa 0-0: Ball
1-0: Ground out U3 (Groundball, 34)
Bottom of the 8th over - 0 run(s), 1 hit(s), 0 error(s), 1 left on base; Naperville 4 - Alloway 0
TOP OF THE 9TH
Naperville Battlekings batting - Pitching for Alloway Halberds : RHP Jim Unknown
Pitching: LHP Jim Unknown
Batting: RHB Miguel Rodríguez 0-0: Called Strike
0-1: Ball
1-1: Ball
2-1: Foul Ball, location: 2F
2-2: Ground out 5-3 (Groundball, 5L)
Batting: RHB Sal Haynes 0-0: Ball
1-0: Called Strike
1-1: Called Strike
1-2: Strikes out swinging
Batting: RHB Jorge Baker 0-0: Ground out U3 (Groundball, 3L)
Top of the 9th over - 0 run(s), 0 hit(s), 0 error(s), 0 left on base; Naperville 4 - Alloway 0
BOTTOM OF THE 9TH
Alloway Halberds batting - Pitching for Naperville Battlekings : RHP Louis McDowell
Batting: RHB Juan Salinas 0-0: Called Strike
0-1: Fly out, F7 (Flyball, 7D)
Batting: RHB Sung-min Pae 0-0: Ball
1-0: Called Strike
1-1: Ball
2-1: Fly out, F7 (Line Drive, 7)
Batting: RHB Christovão Galho 0-0: Ball
1-0: Foul Ball, location: 2F
1-1: Ball
2-1: Swinging Strike
2-2: DOUBLE (Line Drive, 7LS)
Pitching: RHP Jorge Vázquez
Batting: RHB Jarred Morgan 0-0: Ball
1-0: Foul Ball, location: 2F
1-1: Called Strike
1-2: Foul Ball, location: 2F
1-2: Strikes out swinging
Bottom of the 9th over - 0 run(s), 1 hit(s), 0 error(s), 1 left on base; Naperville 4 - Alloway 0
Friday, December 30th, 2016 - OOTP Baseball 17.12 Build 75